 Dungeon Crawl Stone Soup version 0.25.1-2-g60ff931df9 (webtiles) character file.

Game seed: 9221090564013841420

59 hawla the Skirmisher (level 3, 0/34 HPs)
             Began as a Minotaur Fighter on Oct 25, 2020.
             Slain by a gnoll
             ... wielding a +0 spear
              (4 damage)
             ... on level 2 of the Dungeon.
             The game lasted 00:03:56 (1523 turns).

hawla the Skirmisher (Minotaur Fighter)             Turns: 1523, Time: 00:03:56

Health: 0/34       AC:  3    Str: 21    XL:     3   Next: 78%
Magic:  2/2        EV: 12    Int:  5    God:
Gold:   63         SH:  0    Dex:  9    Spells: 2/2 levels left

rFire    . . .     SeeInvis .   a - +0 long sword
rCold    . . .     Gourm    .   (no shield)
rNeg     . . .     Faith    .   l - +1 robe
rPois    .         Spirit   .   (helmet restricted)
rElec    .         Reflect  .   (no cloak)
rCorr    .         Harm     .   (no gloves)
MR       .....                  (no boots)
Stlth    +.........             (no amulet)
HPRegen  0.11/turn              (no ring)
MPRegen  0.08/turn              (no ring)

@: mighty, flying
A: retaliatory headbutt, horns 2
a: no special abilities


You were on level 2 of the Dungeon.
You were not hungry.

You visited 1 branch of the dungeon, and saw 2 of its levels.

You collected 63 gold pieces.

Inventory:

Hand Weapons
 a - a +0 long sword (weapon)
Missiles
 i - 39 poisoned darts (quivered)
Armour
 b - a +0 scale mail
 j - a +0 leather armour
 l - a +1 robe (worn)
 m - a +0 plate armour of magic resistance
Jewellery
 c - an uncursed ring of ice
Scrolls
 q - a scroll of identify
Potions
 d - a potion of might
 h - a potion of cancellation
 n - a potion of curing
Comestibles
 f - 2 rations
 g - 4 chunks of flesh


   Skills:
 + Level 4.4 Fighting
 + Level 3.1 Long Blades
 + Level 4.0 Armour
 * Level 1.7 Dodging
 + Level 0.2 Stealth
   Level 3.6 Shields


You had 2 spell levels left.
You didn't know any spells.
Your spell library was empty.

Dungeon Overview and Level Annotations

Branches:
Dungeon (2/15)

Altars:


Innate Abilities, Weirdness & Mutations

You reflexively headbutt those who attack you in melee.
You have a pair of horns on your head.


Message History

The gnoll hits you from afar with a +0 spear!
* * * LOW HITPOINT WARNING * * *
As you read the scroll labeled GOWOLO FUXT, it crumbles to dust.
The creatures around you are filled with an inner flame!
It was a scroll of immolation.
The gnoll closely misses you. The gnoll hits you but does no damage.
Okay, then.
Okay, then.
It was a potion of flight.
You feel very buoyant.
You fly up into the air.
The gnoll hits you from afar with a +0 spear.
* * * LOW HITPOINT WARNING * * *
The gnoll barely misses you. The gnoll misses you.
Okay, then.
As you read the scroll labeled VANIAQ XOL, it crumbles to dust.
It is a scroll of enchant armour.
Your +0 robe glows green for a moment.
The gnoll hits you from afar with a +0 spear.
You die...

#...≈P≈≈≈≈.######.##
###.≈≈≈≈≈..........#
###...≈≈≈≈.........#
#....PP≈≈..........#
##...≈≈≈≈..........#
#...≈≈≈≈≈.<.......+
#....≈≈PPggg......#
#....≈≈P..........#
#..P.≈≈≈≈.@.......#
#..≈≈≈≈≈≈.........#
##.≈P≈≈≈≈.........#
#.≈.P≈≈≈.P.......#
#...≈≈≈≈≈≈.......#
###...≈≈≈≈P≈..######
#....≈≈≈≈≈≈.≈...#
#...)≈P≈≈≈≈P.)..###
#....≈≈≈P≈≈≈......##


You could see 3 gnolls.

Vanquished Creatures
  An adder (D:2)
  A gnoll (D:2)
  A worm (D:2)
  2 dart slugs (D:1)
  2 leopard geckos
  A ball python (D:1)
  2 giant cockroaches (D:1)
  4 goblins
  5 hobgoblins
  3 bats (D:1)
  3 frilled lizards
  A kobold (D:1)
  5 rats
31 creatures vanquished.

Notes
Turn   | Place    | Note
-------+----------+-------------------------------------------
     0 | D:1      | hawla the Minotaur Fighter began the quest for the Orb.
     0 | D:1      | Reached XP level 1. HP: 19/19 MP: 0/0
   366 | D:1      | Reached XP level 2. HP: 21/27 MP: 1/1
   498 | D:1      | Reached skill level 1 in Dodging
   880 | D:1      | Reached XP level 3. HP: 28/33 MP: 2/2
  1523 | D:2      | Slain by a gnoll

Illustrated notes

Levels and vault maps discovered:
D:1:      lemuel_arrival_rhombus, layout_rooms
D:2:      minmay_recursive_quarters, layout_basic, chequers_big_river

Skill      XL: |  1  2  3 |
---------------+----------+-----
Armour         | 4 |  4.0
Dodging        | 1 |  1.7
Fighting       | 4 |  4.4
Long Blades    | 3 |  3.1
Stealth        | |  0.2
Shields        | |  3.6

Action                   || total
-------------------------++-------
Melee: Long sword        ||    55
       Headbutt          ||    11
Throw: Dart              ||     6
  Use: Scroll            ||     6
       Potion            ||     3
 Stab: Sleeping          ||     1
  Eat: Chunk             ||     2
Armor: Robe              ||     2
Dodge: Dodged            ||    32
       Rpst.: Long sword ||     4
